 Dungeon Crawl Stone Soup version 0.25-a0-246-g58704a1ebd (webtiles) character file.

Game seed: 9271128330331392603, levelgen mode: classic

2993 Borgoz the Basher (level 9, -1/56 HPs)
             Began as a Gargoyle Fighter on Dec 3, 2019.
             Was a High Priest of Okawaru.
             Slain by a red ugly thing (13 damage)
             ... on level 8 of the Dungeon.
             The game lasted 00:09:36 (6142 turns).

Borgoz the Basher (Gargoyle Fighter)                Turns: 6142, Time: 00:09:37

Health: -1/56      AC: 22    Str: 22    XL:     9   Next: 83%
Magic:  13/13      EV:  8    Int:  9    God:    Okawaru [*****.]
Gold:   167        SH: 11    Dex: 12    Spells: 8/8 levels left

rFire    . . .     SeeInvis +   a - +3 mace
rCold    . . .     Gourm    .   c - +0 shield
rNeg     + . .     Faith    +   b - +0 scale mail
rPois    ∞         Spirit   .   r - +2 helmet
rElec    +         Reflect  .   k - +2 cloak
rCorr    .         Harm     .   o - +0 pair of gloves
MR       .....                  (no boots)
Stlth    ..........             I - amulet of faith
HPRegen  0.18/turn              m - ring of see invisible
MPRegen  0.13/turn              x - +2 ring of dexterity

@: no status effects
A: negative energy resistance 1, electricity resistance, unbreathing,
petrification resistance, rot immunity, AC +6
a: Heroism, Finesse, Renounce Religion


You were on level 8 of the Dungeon.
You worshipped Okawaru.
Okawaru was extremely pleased with you.
You were not hungry.

You visited 2 branches of the dungeon, and saw 9 of its levels.

You collected 347 gold pieces.
You spent 180 gold pieces at shops.

Inventory:

Hand Weapons
 a - a +3 mace (weapon)
Armour
 b - a +0 scale mail (worn)
 c - a +0 shield (worn)
 k - a +2 cloak (worn)
 o - a +0 pair of gloves (worn)
 r - a +2 helmet (worn)
Jewellery
 m - a ring of see invisible (left hand)
 x - a +2 ring of dexterity (right hand)
 E - a +6 ring of intelligence
 I - an amulet of faith (around neck)
Wands
 y - a wand of acid (9)
 C - a wand of flame (21)
 D - a wand of enslavement (9)
Scrolls
 j - a scroll of magic mapping {unknown}
 n - 2 scrolls of fear {unknown}
 p - 2 scrolls of remove curse
 s - a scroll of silence {unknown}
 t - 2 scrolls of blinking {unknown}
 u - 4 scrolls of teleportation
 v - 2 scrolls of enchant armour {unknown}
 w - 2 scrolls of amnesia {unknown}
 A - a scroll of immolation {unknown}
 H - a scroll of noise {unknown}
Potions
 e - 2 potions of curing
 g - a potion of haste {unknown}
 h - 2 potions of resistance
 q - a potion of mutation
 z - 2 potions of magic
 F - a potion of cancellation
 G - 3 potions of flight
Comestibles
 f - 15 rations


   Skills:
 + Level 6.8 Fighting
 * Level 8.1 Maces & Flails
 + Level 6.7 Armour
 + Level 6.7 Shields
 + Level 5.5 Invocations


You had 8 spell levels left.
You didn't know any spells.
Your spell library contained the following spells:

 Spells                   Type           Power        Failure   Level  Hunger
 Magic Dart               Conj           #...         96%         1    ##.....
 Blink                    Tloc           N/A          99%         2    ###....
 Call Imp                 Summ           #.......     99%         2    ###....
 Searing Ray              Conj           #.....       99%         2    ###....
 Slow                     Hex            #.......     99%         2    ###....
 Conjure Flame            Conj/Fire      #.......     100%        3    ####...
 Dazzling Flash           Conj/Hex       #.....       100%        3    ####...
 Mephitic Cloud           Conj/Pois/Air  #.......     100%        3    ####...
 Fulminant Prism          Conj/Hex       #.........   100%        4    #####..
 Iskenderun's Mystic Bla  Conj/Tloc      #.......     100%        4    #####..


Dungeon Overview and Level Annotations

Branches:
Dungeon (8/15)             Temple (1/1) D:7
   Lair: D:8-11

Altars:
Ashenzari
Cheibriados
Dithmenos
Elyvilon
Fedhas
Gozag
Hepliaklqana
Kikubaaqudgha
Makhleb
Nemelex Xobeh
Okawaru
Qazlal
Sif Muna
Trog
Uskayaw
Vehumet
Wu Jian
Xom
Yredelemnul
Zin
The Shining One
Beogh

Shops:
D:7 ?

Annotations:
D:7 3 runed translucent doors, Leeroy's ghost, novice DrCj


Innate Abilities, Weirdness & Mutations

You are resistant to torment.
Your stone body is resilient. (AC +6)
You are immune to poison.
You resist negative energy. (rN+)
You are resistant to electric shocks. (rElec)
You can survive without breathing.
You are immune to petrification.
You are immune to rotting.


Message History

The red ugly thing is moderately wounded.
The red ugly thing engulfs you!
You are engulfed in flames!
You feel better.
The red ugly thing engulfs you but does no damage.
Okay, then.
Okay, then.
Evoke which item? (* to show all) (? for menu, Esc to quit)
Aiming: Corrosive Bolt
Press: ? - help, Shift-Dir - straight line, f - red ugly thing
Aim: a red ugly thing (moderately wounded)
The bolt of acid hits the red ugly thing!
The red ugly thing is splashed with acid.
The acid corrodes the red ugly thing!
The red ugly thing is moderately wounded.
The red ugly thing engulfs you.
You are engulfed in flames!!
* * * LOW HITPOINT WARNING * * *
You feel better. The red ugly thing engulfs you.
* * * LOW HITPOINT WARNING * * *
You are engulfed in flames!
You die...

#....##......#
#....##......#
#....#)(....#
#....#(†....#
#.#..().....#
#.#)........#
#.#.#........#
##.(...#..###.#
##.@...##..# ..
#.u#(.####.# # ...
######.##(..# .# ....
.......##(#.#.... #..
##.........#
#..########..##.#...#
#...##.÷.†.###........
#...^#.##### #.......#
#......# #.......#


You could see a red ugly thing.

Vanquished Creatures
  An ugly thing (D:8)
  Grinder (D:4)
  Sigmund (D:2)
  Duvessa (D:6)
  A sky beast (D:5)
  2 phantoms
  4 ogres
  A black bear (D:5)
  A big kobold (D:8)
  Blork the orc (D:5)
  2 bullfrogs
  Dowan (D:6)
  A gnoll sergeant (D:6)
  2 scorpions (D:5)
  3 wights (D:6)
  3 howler monkeys
  A bullfrog zombie (D:8)
  3 crimson imps
  A gnoll shaman (D:5)
  An orc priest (D:4)
  2 hounds (D:4)
  A jelly (D:5)
  Jessica (D:3)
  Natasha (D:2)
  3 worker ants (D:5)
  A hound zombie (D:6)
  Robin (D:3)
  A howler monkey skeleton (D:4)
  11 gnolls
  6 adders
  A shadow imp (D:5)
  An ooze (D:1)
  An adder skeleton (D:6)
  An adder zombie (D:8)
  4 worms
  A dart slug (D:1)
  4 leopard geckos
  5 orcs
  A ball python (D:1)
  9 bats
  5 giant cockroaches
  18 goblins
  3 hobgoblins
  13 jackals
  4 quokkas
  4 frilled lizards
  12 kobolds
  A leopard gecko skeleton (D:5)
  10 rats
158 creatures vanquished.

Notes
Turn   | Place    | Note
-------+----------+-------------------------------------------
     0 | D:1      | Borgoz the Gargoyle Fighter began the quest for the Orb.
     0 | D:1      | Reached XP level 1. HP: 14/14 MP: 1/1
    97 | D:1      | Reached XP level 2. HP: 19/19 MP: 2/2
   348 | D:1      | Reached XP level 3. HP: 23/23 MP: 3/3
   858 | D:2      | Reached skill level 3 in Maces & Flails
   887 | D:2      | Reached XP level 4. HP: 25/29 MP: 4/4
   888 | D:2      | Found a stormy altar of Qazlal.
   888 | D:2      | Found an iron altar of Okawaru.
   913 | D:2      | Became a worshipper of Warmaster Okawaru
   927 | D:2      | Noticed Sigmund
   935 | D:2      | Killed Sigmund
   935 | D:2      | Reached * piety under Okawaru
   935 | D:2      | Reached skill level 1 in Invocations
   935 | D:2      | Reached XP level 5. HP: 27/33 MP: 4/6
   935 | D:2      | Reached XP level 6. HP: 31/38 MP: 4/7
  1084 | D:2      | Reached skill level 4 in Maces & Flails
  1251 | D:2      | Noticed Natasha
  1264 | D:2      | Killed Natasha
  1383 | D:2      | Found an ornate altar of the Wu Jian Council.
  1532 | D:3      | Noticed Robin
  1611 | D:3      | Killed Robin
  1647 | D:3      | Noticed Jessica
  1681 | D:3      | Killed Jessica
  1900 | D:3      | Found a glowing golden altar of the Shining One.
  1988 | D:3      | Found a faded altar of an unknown god.
  2523 | D:4      | Noticed Grinder
  2524 | D:4      | Reached XP level 7. HP: 38/44 MP: 8/8
  2542 | D:4      | Killed Grinder
  2542 | D:4      | Reached ** piety under Okawaru
  2542 | D:4      | Reached skill level 5 in Maces & Flails
  2568 | D:4      | Reached skill level 5 in Fighting
  2568 | D:4      | Reached skill level 5 in Armour
  2568 | D:4      | Reached skill level 5 in Shields
  2667 | D:4      | Reached XP level 8. HP: 14/49 MP: 10/10
  3145 | D:4      | Reached skill level 6 in Maces & Flails
  3665 | D:5      | Entered Level 5 of the Dungeon
  3723 | D:5      | Reached *** piety under Okawaru
  3992 | D:5      | Noticed Blork the orc
  4003 | D:5      | Killed Blork the orc
  4416 | D:5      | Reached XP level 9. HP: 50/55 MP: 12/12
  4438 | D:5      | Reached skill level 7 in Maces & Flails
  4511 | D:5      | Found an ancient bone altar of Kikubaaqudgha.
  4521 | D:5      | Found a shimmering blue altar of Sif Muna.
  4523 | D:5      | Found a radiant altar of Vehumet.
  4535 | D:5      | Identified Vehumet's Volume of Attacks
  4934 | D:6      | Noticed Duvessa
  4955 | D:6      | Killed Duvessa
  4955 | D:6      | Reached **** piety under Okawaru
  4955 | D:6      | Noticed Dowan
  4973 | D:6      | Killed Dowan
  5194 | D:6      | Reached skill level 5 in Invocations
  5377 | D:7      | Found a sparkling altar of Nemelex Xobeh.
  5532 | D:7      | Found a staircase to the Ecumenical Temple.
  5657 | Temple   | Entered the Ecumenical Temple
  5739 | D:7      | Found Kunoor's Magic Scroll Boutique.
  5754 | D:7      | Bought a scroll of identify for 24 gold pieces
  5754 | D:7      | Bought a scroll of identify for 24 gold pieces
  5754 | D:7      | Bought a scroll of identify for 24 gold pieces
  5754 | D:7      | Bought a scroll of identify for 24 gold pieces
  5754 | D:7      | Bought a scroll of identify for 24 gold pieces
  5775 | D:7      | Bought a scroll of identify for 24 gold pieces
  5775 | D:7      | Bought a scroll of teleportation for 36 gold pieces
  5942 | D:7      | Found a runed translucent gate.
  5942 | D:7      | Noticed Leeroy's ghost (novice DrCj)
  5943 | D:7      | Found a runed translucent gate.
  5944 | D:7      | Found a roughly hewn altar of Beogh.
  5944 | D:7      | Found a runed translucent gate.
  6017 | D:8      | Noticed a red ugly thing
  6040 | D:8      | Killed a red ugly thing
  6040 | D:8      | Reached skill level 8 in Maces & Flails
  6041 | D:8      | Reached ***** piety under Okawaru
  6132 | D:8      | Noticed a red ugly thing
  6142 | D:8      | Slain by a red ugly thing

Levels and vault maps discovered:
D:1:      ncdulo_watergridlock, layout_loops_ring, grunt_decor_arrowhead
D:2:      layout_loops_ring, overflow_temple_1_default,
          grunt_temple_overflow_open, uniq_sigmund, uniq_natasha
D:3:      layout_rooms, overflow_temple_1_default,
          chequers_ecumenical_altar_twisty, serial_co_window_serial,
          co_window_paths_a, co_window_paths_a, co_window_corner_a,
          co_window_corner_a, co_window_corner_a, co_window_broadway_c,
          co_window_paths_c, co_window_corner_ca, co_window_broadway_a,
          co_window_broadway_a, co_window_corner_b, co_window_of_opportunity_c,
          co_window_paths_e, glass_columns_c, glass_columns_a, glass_columns_a,
          glass_columns_a, first_ration, uniq_jessica, uniq_robin
D:4:      minmay_skewed_foursquare, layout_basic, kennysheep_cross_room,
          uniq_grinder
D:5:      black_bear_nest_2, layout_loops_ring,
          grunt_temple_overflow_magic_moments, minmay_puff, uniq_blork_the_orc
D:6:      layout_rooms, uniq_duvessa
D:7:      layout_cave_pools, nemelex_xobeh_ov_fountains_minmay,
          minmay_temple_entry_antechambers, serial_shops, nicolae_shop_stone,
          biasface_ghost_orc_armoury
D:8:      layout_rooms, nicolae_ru_sacrificial_ziggurat,
          erik_lair_orcish_takeover, minivault_4, hangedman_pestilent_swarm,
          due_unseen_surprise
Temple:   nicolae_temple_god_jail

Skill      XL: |  1  2  3  4  5  6  7  8  9 |
---------------+----------------------------+-----
Maces & Flails | 3 4 5 6 8 |  8.1
Fighting       | 4 5 6 |  6.8
Armour         | 4 5 6 |  6.7
Shields        | 4 5 6 |  6.7
Invocations    | 1 2 3 4 5 |  5.5

Action                   |  1- 3 |  4- 6 |  7- 9 || total
-------------------------+-------+-------+-------++-------
Melee: Flail             |   165 |   132 |       ||   297
       Mace              |       |    46 |   414 ||   460
Evoke: Wand              |       |       |     1 ||     1
  Use: Potion            |       |     1 |     4 ||     5
       Scroll            |       |       |    10 ||    10
  Eat: Chunk             |       |     6 |    12 ||    18
Armor: Scale mail        |    91 |   117 |   264 ||   472
Dodge: Dodged            |    64 |    58 |   121 ||   243
Block: Shield            |    99 |    97 |   205 ||   401

Table legend:
 A = Non-vault XP
 B = Vault XP
 C = Vault XP percentage of total XP
 D = Non-vault monster count
 E = Vault monster count
 F = Vault count percentage of total count
                 A         B        C        D         E       F
            +---------+---------+-------+---------+---------+-------
      Total |    2993 |    1283 |  30.0 |     134 |      24 |  15.2
            +---------+---------+-------+---------+---------+-------
        D:1 |      54 |       0 |   0.0 |      28 |       0 |   0.0
        D:2 |      62 |     279 |  81.8 |      22 |       9 |  29.0
        D:3 |      25 |      55 |  68.8 |      12 |       4 |  25.0
        D:4 |     605 |     479 |  44.2 |      24 |       5 |  17.2
        D:5 |     943 |     238 |  20.2 |      20 |       4 |  16.7
        D:6 |     396 |     232 |  36.9 |      12 |       2 |  14.3
        D:7 |     101 |       0 |   0.0 |       2 |       0 |   0.0
        D:8 |     807 |       0 |   0.0 |      14 |       0 |   0.0
            +---------+---------+-------+---------+---------+-------
